 Dungeon Crawl Stone Soup version 0.28-a0-1235-g7c8fac35f0 (webtiles) character file.

Game seed: 10430881717718276660

1411 browni3141 the Jinx (level 8, -3/31 HPs)
             Began as a Felid Summoner on Dec 24, 2021.
             Shot with an arrow by a centaur warrior (21 damage)
             ... on level 8 of the Dungeon.
             The game lasted 00:32:21 (10022 turns).

browni3141 the Jinx (Felid Summoner)               Turns: 10022, Time: 00:32:22

Health: -3/31      AC:  2    Str:  4    XL:     8   Next: 43%
Magic:  15/15      EV: 17    Int: 21    God:
Gold:   347        SH:  0    Dex: 16    Spells: 2/15 levels left
                                        Lives:  0   Deaths: 2

rFire   . . .      SeeInvis +   (weapon unavailable)
rCold   . . .      Faith    .   (shield unavailable)
rNeg    . . .      Spirit   .   (armour unavailable)
rPois   .          Reflect  .   (helmet unavailable)
rElec   .          Harm     .   (cloak unavailable)
rCorr   .          Rampage  .   (gloves unavailable)
Will    +....                   (boots unavailable)
Stlth   ++........              (no amulet)
HPRegen 0.10/turn               (no ring)
MPRegen 0.14/turn               (no ring)

@: quick
A: very small, claws 1, fangs 3, see invisible, speed 1, shaggy fur 2, stealthy
paws, no weapons or thrown items, no armour, multi-lived
a: no special abilities


You were on level 8 of the Dungeon.
You visited 2 branches of the dungeon, and saw 9 of its levels.

You collected 347 gold pieces.

Inventory:

Missiles
 o - a throwing net
Jewellery
 p - a ring of wizardry
 t - a ring of fire
Wands
 r - a wand of digging (5)
Scrolls
 a - 2 scrolls of brand weapon {unknown}
 e - 4 scrolls of teleportation {unknown}
 f - 6 scrolls of identify {unknown}
 g - 3 scrolls of fog {unknown}
 h - a scroll of noise {unknown}
 k - a scroll of blinking {unknown}
 v - 2 scrolls of fear {unknown}
 x - a scroll of vulnerability {unknown}
 y - a scroll of enchant armour {unknown}
 z - a scroll of torment {unknown}
 A - a scroll of immolation {unknown}
Potions
 b - a potion of heal wounds {unknown}
 c - a potion of berserk rage {unknown}
 d - 5 potions of curing {unknown}
 i - 2 potions of lignification {unknown}
 j - a potion of degeneration {unknown}
 l - 4 potions of mutation {unknown}
 m - 4 potions of flight {unknown}
 n - a potion of magic {unknown}
 q - a potion of might {unknown}
 s - a potion of attraction {unknown}
 u - a potion of haste {unknown}
 w - a potion of ambrosia {unknown}


   Skills:
 - Level 2.6 Dodging
 - Level 2.6 Stealth
 - Level 4.3 Spellcasting
 * Level 12.1 Hexes
 + Level 9.6 Summonings
 - Level 5.0 Air Magic


You had 2 spell levels left.
You knew the following spells:

 Your Spells              Type           Power      Damage    Failure   Level
a - Summon Small Mammal   Summ           100%       N/A       1%          1
b - Call Imp              Summ           45%        N/A       1%          2
c - Call Canine Familiar  Summ           45%        N/A       1%          3
d - Summon Guardian Gole  Hex/Summ       50%        N/A       1%          3
e - Summon Lightning Spi  Summ/Air       35%        N/A       5%          4

Your spell library contained the following spells:

 Spells                   Type           Power      Damage    Failure   Level
 Ensorcelled Hibernation  Hex/Ice        60%        N/A       1%          2
 Animate Skeleton         Necr           8%         N/A       12%         1
 Pain                     Necr           16%        1d4       12%         1
 Tukima's Dance           Hex            53%        N/A       1%          3
 Vampiric Draining        Necr           4%         2d6       34%         3
 Agony                    Necr           4%         N/A       97%         5
 Excruciating Wounds      Necr           Unusable   N/A       N/A         5

Dungeon Overview and Level Annotations

Branches:
Dungeon (8/15)             Temple (1/1) D:4
   Lair: D:8-11

Altars:
Ashenzari
Cheibriados
Dithmenos
Hepliaklqana
Kikubaaqudgha
Nemelex Xobeh
Okawaru
Qazlal
Ru
Sif Muna
Trog
Uskayaw
Vehumet
Wu Jian
Xom
Yredelemnul
Zin

Shops:
D:1 !   D:3 *

Annotations:
D:8 exclusion: steam dragon


Innate Abilities, Weirdness & Mutations

You have sharp claws.
You have razor-sharp teeth.
You have supernaturally acute eyesight. (SInv)
You cover ground quickly. (Speed+)
You are covered in thick fur. (AC +2)
Your paws help you pounce on unaware monsters.
You are incapable of wielding weapons or throwing items.
You cannot wear armour.
You gain extra lives every three experience levels.


Message History

Your wolf misses the bullfrog. The bullfrog hits your wolf.
Your wolf closely misses the bullfrog.
The bullfrog closely misses your wolf.
Your wolf closely misses the bullfrog.
The bullfrog closely misses your wolf.
Your wolf bites the bullfrog!
The bullfrog hits your wolf but does no damage.
Your wolf bites the bullfrog.
The bullfrog closely misses your wolf.
Your wolf closely misses the bullfrog.
The bullfrog hits your wolf.
Your wolf closely misses the bullfrog.
The bullfrog misses your wolf.
Your wolf barely misses the bullfrog.
Your wolf misses the bullfrog. The bullfrog hits your wolf. x2
Your wolf bites the bullfrog.
Your wolf bites the bullfrog!
The bullfrog hits your wolf.
Your wolf closely misses the bullfrog.
The bullfrog completely misses your wolf.
Your wolf bites the bullfrog.
The bullfrog dies!
A steam dragon comes into view.
Found an iron altar of Okawaru.
Search for what [Enter for "goz", or ? for help]? goz Can't find anything matching that.
Unknown command.
You start resting.
Magic restored.
You start waiting.
Your wolf disappears in a puff of smoke!
Done waiting.
Press: ? - help, . - travel You can't see that place. [the floor.] Placed new exclusion.
There is a large open translucent door here.
There is an open door here.
There is a stone staircase leading down here.
The centaur warrior shouts!
The centaur warrior shoots an arrow.
The arrow hits you!
There is a stone staircase leading down here.
The centaur warrior shoots an arrow.
The arrow hits you!!
Ouch! That really hurt!
You die...

# ##............#...........###..
####..............#.c........#.c.
.............######..........#...
.###..........####...........#...
## #..........##.............####
###...............>.........#
##............##.#.#..[.....##
#..#..........##...##......##
.h###........##.@########### .##
##...........#
..#####...####..##############
#..........#.....##.....(....##
#..##.........................##
##.............................#
......................<........#
##.............................#
...#...........................#


You could see a centaur warrior.

Vanquished Creatures
  A hound skeleton (D:5)
  2 endoplasms
  2 giant cockroaches (D:1)
  A ball python (D:4)
  A bat (D:1)
  A frilled lizard (D:3)
  6 rats
14 creatures vanquished.

Vanquished Creatures (collateral kills)
  A manticore (D:7)
  A yak (D:7)
  Edmund (D:6)
  Menkaure (D:7)
  A water moccasin (D:7)
  A sky beast (D:3)
  An orc warrior (D:8)
  2 ice beasts
  2 necrophages (D:4)
  A centaur (D:7)
  3 ogres
  2 bullfrogs (D:8)
  A scorpion (D:5)
  3 wights (D:7)
  A bullfrog zombie (D:5)
  3 hounds
  A bullfrog skeleton (D:5)
  A jelly (D:4)
  An iguana (D:6)
  An orc wizard (D:3)
  3 hound skeletons
  4 gnolls (D:6)
  A howler monkey skeleton (D:7)
  7 adders
  2 white imps
  An ufetubus (D:3)
  An adder zombie (D:4)
  A worm (D:2)
  3 dart slugs
  11 orcs
  3 ball pythons
  2 bats
  6 endoplasms
  4 giant cockroaches
  6 goblins
  4 hobgoblins (D:1)
  6 kobolds
  3 quokkas
  2 frilled lizards
  5 rats
104 creatures vanquished.

Vanquished Creatures (others)
  A wyvern (D:7)
  3 yaks (D:7)
  A steam dragon (D:7)
  A water moccasin (D:7)
  A sky beast (D:7)
  3 killer bees
  A howler monkey skeleton (D:7)
  An ufetubus (D:6)
12 creatures vanquished.

Grand Total: 130 creatures vanquished

Notes
Turn   | Place    | Note
-------+----------+-------------------------------------------
     0 | D:1      | browni3141 the Felid Summoner began the quest for the Orb.
     0 | D:1      | Reached XP level 1. HP: 7/7 MP: 4/4
    45 | D:1      | Found a faded altar of an unknown god.
   185 | D:1      | Reached XP level 2. HP: 11/11 MP: 4/6
   188 | D:1      | Learned a level 2 spell: Call Imp
   583 | D:1      | Found Behe Hus's Distillery.
  1021 | D:1      | Reached XP level 3. HP: 14/14 MP: 7/7
  1552 | D:2      | Learned a level 3 spell: Call Canine Familiar
  2141 | D:3      | Found Uckyim's Assorted Antiques.
  2200 | D:3      | Reached skill level 5 in Summonings
  2299 | D:3      | Reached XP level 4. HP: 18/18 MP: 6/9
  2732 | D:3      | Noticed a sky beast
  2816 | D:3      | Killed a sky beast
  2817 | D:3      | Reached XP level 5. HP: 21/21 MP: 5/11
  3708 | D:3      | You fall into a shaft and drop 1 floor!
  3717 | D:4      | Noticed an ogre
  3721 | D:4      | Noticed a necrophage
  3744 | D:4      | Killed a necrophage
  3745 | D:4      | Gained mutation: You are covered in thick fur. (AC +2)
                  | [Felid growth]
  3745 | D:4      | Reached XP level 6. HP: 24/24 MP: 3/12
  4421 | D:4      | Found a staircase to the Ecumenical Temple.
  4427 | Temple   | Entered the Ecumenical Temple
  4928 | D:4      | Reached XP level 7. HP: 27/27 MP: 6/14
  5000 | D:4      | Learned a level 3 spell: Summon Guardian Golem
  5005 | D:4      | Learned a level 4 spell: Summon Lightning Spire
  5015 | D:5      | Entered Level 5 of the Dungeon
  5289 | D:5      | Reached skill level 1 in Hexes
  5331 | D:5      | Reached skill level 2 in Hexes
  5331 | D:5      | Reached skill level 1 in Air Magic
  5729 | D:5      | Reached skill level 3 in Hexes
  6410 | D:6      | Reached skill level 4 in Hexes
  6664 | D:6      | Noticed Edmund
  6825 | D:6      | Killed Edmund
  6826 | D:6      | Reached skill level 5 in Hexes
  6826 | D:6      | Reached XP level 8. HP: 31/31 MP: 10/15
  7581 | D:7      | Reached skill level 6 in Hexes
  7616 | D:7      | Reached skill level 7 in Hexes
  7792 | D:7      | Reached skill level 8 in Hexes
  7792 | D:7      | Reached skill level 5 in Air Magic
  7792 | D:7      | Reached XP level 9. HP: 22/34 MP: 6/16
  7808 | D:7      | Noticed a manticore
  7814 | D:7      | Killed a manticore
  7815 | D:7      | Reached skill level 9 in Hexes
  7980 | D:7      | Shot with an arrow by a centaur
  7981 | D:7      | Reached XP level 8. HP: -5/31 MP: 5/15
  8183 | D:7      | Noticed Menkaure
  8195 | D:7      | Killed Menkaure
  8196 | D:7      | Reached skill level 10 in Hexes
  8239 | D:7      | Found a sparkling altar of Nemelex Xobeh.
  8563 | D:7      | Reached skill level 11 in Hexes
  8589 | D:7      | Reached XP level 9. HP: 34/34 MP: 9/16
  8717 | D:7      | Killed from afar by a steam dragon
  8718 | D:7      | Reached XP level 8. HP: -11/31 MP: 9/15
  9323 | D:8      | Reached skill level 12 in Hexes
  9517 | D:8      | Found a large runed translucent door.
  9518 | D:8      | Found a large runed translucent door.
  9582 | D:8      | Noticed a centaur warrior
  9865 | D:8      | Found a shadowy altar of Dithmenos.
  9878 | D:8      | Found an iron altar of Okawaru.
 10022 | D:8      | Shot with an arrow by a centaur warrior

Illustrated notes

Levels and vault maps discovered:
D:1:      lightli_arrival_statuegarden, layout_basic, basic_ecumenical_altar,
          serial_shops, shop_fountains, chequers_serial_rivers_micro_d,
          kennysheep_pointless_box, hangedman_decor_peaks_small
D:2:      layout_rooms, grunt_decor_one_mirror, bh_walls_and_bars
D:3:      layout_basic, serial_shops, nicolae_diamond_shop
D:4:      minmay_skewed_foursquare, layout_basic,
          minmay_temple_entry_enclosed_plants
D:5:      layout_loops_corners
D:6:      layout_loops_cross, uniq_edmund
D:7:      cheibrodos_quashed, layout_basic, lemuel_round_altar, uniq_menkaure
D:8:      layout_rooms, jmf_multi_god_temple2, kennysheep_doodads
Temple:   nicolae_temple_great_sept

Skill      XL: |  1  2  3  4  5  6  7  8  9 |
---------------+----------------------------+-----
Summonings     | 5 6 7 9 |  9.6
Spellcasting   | 3 4 |  4.3
Hexes          | 5 12 9 | 12.1
Air Magic      | 3 5 |  5.0
Dodging        | |  2.6
Stealth        | |  2.6

Action                   |  1- 3 |  4- 6 |  7- 9 || total
-------------------------+-------+-------+-------++-------
Melee: Unarmed           |    31 |    15 |    18 ||    64
       Bite              |       |     2 |     2 ||     4
 Cast: Summon Small Mamm |    22 |    18 |     3 ||    43
       Call Imp          |    20 |    25 |     7 ||    52
       Call Canine Famil |       |    10 |    37 ||    47
       Summon Guardian G |       |       |    21 ||    21
       Summon Lightning  |       |       |     8 ||     8
 Stab: Sleeping          |     3 |     3 |       ||     6
Armor: Skin              |     2 |       |     2 ||     4
Dodge: Dodged            |    34 |    22 |    34 ||    90

Table legend: (Time is in decaauts)
 A = Elapsed time spent in this place.
 B = Non-inter-level travel time spent in this place.
 C = Inter-level travel time spent in this place.
 D = Time resting spent in this place.
 E = Time spent auto-exploring this place.
 F = Levels seen in this place.
 G = Mean time per level.
                   A        B        C        D        E       F      G
               +--------+--------+--------+--------+--------+-----+--------+
         Total |   8923 |   8697 |    226 |   1189 |   5597 |   9 |  991.4 |
       Dungeon |   8853 |   8636 |    217 |   1189 |   5546 |   8 | 1106.6 |
        Temple |     69 |     60 |      9 |      0 |     50 |   1 |   69.0 |
               +--------+--------+--------+--------+--------+-----+--------+

Top non-repeatable levels by time:
     D:7: 1665 daAuts
     D:3: 1396 daAuts
     D:1: 1192 daAuts
     D:4: 1116 daAuts
     D:6: 1092 daAuts
     D:5: 1075 daAuts
     D:2: 690 daAuts
     D:8: 623 daAuts
  Temple: 69 daAuts
